 Dungeon Crawl Stone Soup version 0.28-a0-194-g42b4daccc1 (webtiles) character file.

Game seed: 8422155741200691247

189 aSlayers the Magician (level 5, -6/28 HPs)
             Began as a Deep Elf Venom Mage on Aug 18, 2021.
             Mangled by Grinder (7 damage)
             ... while paralysed by Grinder
             ... on level 4 of the Dungeon.
             The game lasted 00:32:13 (5387 turns).

aSlayers the Magician (Deep Elf Venom Mage)         Turns: 5387, Time: 00:32:14

Health: -6/28      AC:  2    Str:  5    XL:     5   Next: 40%
Magic:  13/14      EV:  2    Int: 21    God:
Gold:   128        SH:  0    Dex: 15    Spells: 10/13 levels left

rFire   . . .      SeeInvis .   l - +0 dagger
rCold   . . .      Faith    .   (no shield)
rNeg    . . .      Spirit   .   a - +0 robe
rPois   +          Reflect  .   (no helmet)
rElec   .          Harm     .   (no cloak)
rCorr   .          Rampage  .   (no gloves)
Will    .....                   (no boots)
Stlth   ++........              (no amulet)
HPRegen 0.09/turn               h - ring of poison resistance
MPRegen 0.14/turn               (no ring)

@: paralysed
A: no striking features
a: no special abilities


You were on level 4 of the Dungeon.
You visited 1 branch of the dungeon, and saw 4 of its levels.
You also visited: Sewer.

You collected 128 gold pieces.

Inventory:

Hand Weapons
 e - a +0 vorpal hunting sling
 l - a +0 dagger (weapon)
Missiles
 f - 27 bolts
Armour
 a - a +0 robe (worn)
Jewellery
 h - a ring of poison resistance (left hand)
 i - a ring of protection from fire
Scrolls
 b - 2 scrolls of identify
 d - 2 scrolls of fog
Potions
 g - a potion of degeneration
 j - a potion of heal wounds
 k - a potion of might
 n - a potion of cancellation


   Skills:
 + Level 3.1 Dodging
 + Level 2.7 Stealth
 + Level 4.8 Spellcasting
 + Level 3.1 Transmutations
 + Level 0.8 Air Magic
 + Level 4.3 Poison Magic


You had 10 spell levels left.
You knew the following spells:

 Your Spells              Type           Power      Damage    Failure   Level
a - Sting                 Tmut/Pois      80%        1d7       2%          1
b - Poisonous Vapours     Pois/Air       32%        N/A       5%          2

Your spell library contained the following spells:

 Spells                   Type           Power      Damage    Failure   Level
 Passwall                 Tmut/Erth      9%         N/A       9%          2
 Sandblast                Erth           10%        2d5       11%         1
 Mephitic Cloud           Conj/Pois/Air  12%        N/A       16%         3
 Olgreb's Toxic Radiance  Pois           23%        N/A       19%         4
 Lee's Rapid Deconstruct  Erth           2%         3d6*      97%         5


Dungeon Overview and Level Annotations

Branches:
Dungeon (4/15)             Temple (0/1) D:4           Sewer (visited)

Altars:

Annotations:
D:4 Grinder


Message History

There is a stone staircase leading up here.
Casting: Sting (safe; 2% risk of failure)
Confirm with . or Enter, or press ? or * to list all spells.
You can't see any susceptible monsters within range! (Use Z to cast anyway.) Unknown command.
Casting: Sting (safe; 2% risk of failure)
Confirm with . or Enter, or press ? or * to list all spells.
You can't see any susceptible monsters within range! (Use Z to cast anyway.)
You climb upwards.
There is a stone staircase leading down here.
HP restored.
Done exploring.
You start waiting.
Done waiting.
You start waiting.
Done waiting.
There is a stone staircase leading down here.
You climb downwards.
Level annotation: Grinder Grinder gestures at you.
Pain shoots through your body!
There is a stone staircase leading up here.
Casting: Sting (safe; 2% risk of failure)
Confirm with . or Enter, or press ? or * to list all spells.
Aiming: Sting (safe; 2% risk of failure)
Press: ? - help, Shift-Dir - straight line, f - Grinder
Aim: Grinder, carrying a wand of digging (3) (73% to hit)
The sting hits Grinder.
Grinder partially resists.
Grinder is poisoned.
Grinder is lightly wounded.
Grinder gestures at you.
You suddenly lose the ability to move!
Grinder gestures at you. Pain shoots through your body!
* * * LOW HITPOINT WARNING * * *
Grinder gestures at you. You resist with significant effort. Grinder hits you!
* * * LOW HITPOINT WARNING * * *
Grinder hits you!
You die...

####################
#..<............#...
#..@............#...
#..5............#...
##.....##.......#...
##.....##.......#...
#...............#...
#......##.......##..
#......##.......##..
##..................
##..............##..


You could see Grinder (poisoned).

Vanquished Creatures
  7 gnolls (D:3)
  3 adders
  5 worms
  2 orcs
  8 bats
  6 endoplasms
  A giant cockroach (D:2)
  9 goblins
  12 hobgoblins
  3 jackals (D:2)
  3 kobolds
  A quokka (D:1)
  6 ball pythons
  8 frilled lizards
  4 rats
78 creatures vanquished.

Notes
Turn   | Place    | Note
-------+----------+-------------------------------------------
     0 | D:1      | aSlayers the Deep Elf Venom Mage began the quest for the
                  | Orb.
     0 | D:1      | Reached XP level 1. HP: 10/10 MP: 6/6
   387 | D:1      | Reached XP level 2. HP: 15/15 MP: 6/8
   427 | D:1      | Learned a level 2 spell: Poisonous Vapours
   693 | D:1      | Found a faded altar of an unknown god.
  1214 | D:1      | Reached XP level 3. HP: 19/19 MP: 7/10
  2401 | D:2      | Reached XP level 4. HP: 23/24 MP: 8/12
  3714 | D:3      | Reached XP level 5. HP: 22/28 MP: 6/13
  4561 | D:4      | Found a staircase to the Ecumenical Temple.
  4677 | D:4      | Found a glowing drain.
  4682 | Sewer    | Entered a sewer
  4927 | D:4      | Noticed Grinder
  5383 | D:4      | Paralysed by Grinder for 6 turns
  5386 | D:4      | HP: 1/28 [Grinder (7)]
  5387 | D:4      | Mangled by Grinder

Illustrated notes

Levels and vault maps discovered:
D:1:      dpeg_arrival_more_subterranean_lakeside_camping, layout_loops_ring,
          hellmonk_ecumenical_altar_run_dry
D:2:      layout_basic, minmay_fractal_squares_5
D:3:      layout_basic
D:4:      cheibrodos_pilgrimage, layout_gridville,
          minmay_temple_entry_statues_fountains, portal_sewer_entry_e,
          minmay_rat_hole, uniq_blork_the_orc, uniq_menkaure, uniq_grinder

Skill      XL: |  1  2  3  4  5 |
---------------+----------------+-----
Poison Magic   | 4 |  4.3
Spellcasting   | 4 |  4.8
Transmutations | 2 3 |  3.1
Dodging        | 3 |  3.1
Stealth        | |  2.7
Air Magic      | |  0.8

Action                   |  1- 3 |  4- 6 || total
-------------------------+-------+-------++-------
Melee: Unarmed           |     3 |       ||     3
       Dagger            |       |     9 ||     9
 Cast: Sting             |    69 |    80 ||   149
       Poisonous Vapours |    18 |    13 ||    31
  Use: Scroll            |       |    11 ||    11
Armor: Robe              |    15 |    13 ||    28
Dodge: Dodged            |    54 |    32 ||    86

Table legend: (Time is in decaauts)
 A = Elapsed time spent in this place.
 B = Non-inter-level travel time spent in this place.
 C = Inter-level travel time spent in this place.
 D = Time resting spent in this place.
 E = Time spent auto-exploring this place.
 F = Levels seen in this place.
 G = Mean time per level.
                   A        B        C        D        E       F      G
               +--------+--------+--------+--------+--------+-----+--------+
         Total |   5396 |   5382 |     14 |    200 |   3673 |   5 | 1079.2 |
       Dungeon |   5379 |   5365 |     14 |    200 |   3673 |   4 | 1344.8 |
         Sewer |     17 |     17 |      0 |      0 |      0 |   1 |   17.0 |
               +--------+--------+--------+--------+--------+-----+--------+

Top non-repeatable levels by time:
     D:3: 2063 daAuts
     D:2: 1529 daAuts
     D:1: 1390 daAuts
     D:4: 396 daAuts
   Sewer: 17 daAuts
